Map: Forêt cybernétique EC

Players

Sorandom - Winner!

  • Race: Zerg Zerg
  • League: Diamond
  • Spawn Location: 11:00

lulianito

  • Race: Terran Terran
  • League: Platinum
  • Spawn Location: 5:00

VOD

Have the link to the VOD?

Description

Time

  • Played on: April 17, 2019, 9:12 a.m.
  • Length: 3:49
Show
View Real Time Build Order
Export as new Build Order

Sorandom Zerg - Winner!

Build Orders: Pool Only 

Get SALT Encoding   

  12  0:01  Drone  
  13  0:24  Spawning Pool  
  13  0:26  Drone  
  13  0:30  Drone  
  13  0:34  Extractor  
  13  0:36  Extractor  
  13  0:39  Drone  
  13  0:45  Drone  
  14  1:12  Overlord  
  14  1:13  Roach Warren  
  13  1:22  Overlord  
  13  1:28  Drone  
  14  1:53  Roach  
  14  1:54  Roach x2  
  20  2:10  Roach  
  20  2:15  Ravager x2  
  23  2:16  Ravager  
  25  2:23  Roach  
  27  2:31  Ravager  
  28  2:39  Roach  
  30  2:50  Overlord  
  30  3:08  Roach  
  32  3:15  Roach  
Show
View Real Time Build Order
Export as new Build Order

lulianito Terran 

Build Orders:  

Get SALT Encoding   

  12  0:00  SCV  
  13  0:13  SCV  
  14  0:17  Supply Depot  
  14  0:25  SCV  
  15  0:38  SCV  
  15  0:41  Barracks  
  16  0:44  Refinery  
  16  0:50  SCV  
  17  1:03  SCV  
  18  1:15  SCV  
  19  1:29  Reaper, Orbital Command  
  20  1:42  Barracks  
  20  1:46  Bunker  
  20  1:56  SCV  
  21  2:08  Barracks Reactor  
  21  2:12  Command Center  
  21  2:20  SCV  
  22  2:23  Refinery  
  22  2:29  Barracks Tech Lab  
  22  2:30  Supply Depot  
  22  2:38  Factory  
  22  2:44  Marine  
  23  2:52  SCV, Marine  
  23  2:53  Marauder  
  24  3:14  Marine  
  24  3:15  Marine  
  22  3:22  Factory Reactor  
  21  3:29  Marine  
Tags
 
Matchup
TvZ
Opening
Pool Only
Replay Pack
Pack
Spawn Locations
Cross Positions
Add a new tag
Caveats
  • Supply blocks, unpowered buildings, or Contaminate may cause inaccurate times.
  • Supply counts are checked every 10 seconds.